Map: Deathaura LE

Players

ZloiGad

  • Race: Zerg Zerg
  • League: Diamond
  • Spawn Location: 5:00

RyuKey - Winner!

  • Race: Terran Terran
  • League: Diamond
  • Spawn Location: 11:00

VOD

Have the link to the VOD?

Description

Time

  • Played on: June 13, 2020, 5:38 a.m.
  • Length: 12:50
Show
View Real Time Build Order
Export as new Build Order

ZloiGad Zerg 

Build Orders: Hatch First 

Get SALT Encoding   

  12  0:02  Drone  
  13  0:12  Overlord  
  13  0:20  Drone  
  14  0:31  Drone x2  
  16  0:48  Hatchery  
  15  0:51  Drone  
  15  0:55  Drone  
  17  0:59  Drone  
  18  1:09  Extractor  
  17  1:13  Spawning Pool  
  16  1:18  Drone  
  16  1:20  Drone  
  18  1:28  Drone  
  19  1:42  Drone  
  20  1:49  Overlord  
  20  2:01  Queen x2  
  20  2:02  Zergling x4  
  26  2:14  Metabolic Boost  
  26  2:25  Hatchery  
  26  2:26  Drone  
  26  2:31  Drone  
  26  2:34  Drone  
  28  2:43  Drone x3  
  31  2:51  Overlord  
  31  2:52  Drone  
  32  3:05  Drone x4  
  36  3:11  Queen  
  36  3:12  Drone x2  
  40  3:20  Drone  
  40  3:21  Drone x2  
  43  3:27  Extractor  
  43  3:28  Drone  
  43  3:29  Evolution Chamber  
  42  3:34  Overlord  
  42  3:41  Queen  
  42  3:43  Zergling x6  
  47  3:55  Drone x5  
  51  4:00  Queen  
  54  4:11  Drone x4  
  54  4:13  Overlord x2  
  54  4:16  Zerg Melee Weapons Level 1  
  58  4:17  Extractor  
  58  4:19  Lair  
  57  4:27  Spore Crawler  
  57  4:28  Overlord  
  56  4:39  Overlord x2  
  56  4:40  Drone x3  
  56  4:41  Queen, Drone x3  
  64  4:49  Drone x3  
  67  4:56  Zergling x10  
  71  5:05  Baneling Nest  
  70  5:10  Queen  
  72  5:17  Queen  
  71  5:34  Drone x13  
  69  5:54  Drone x6  
  74  6:00  Spire  
  74  6:03  Overseer  
  73  6:05  Overseer  
  73  6:14  Extractor x2  
  71  6:20  Hatchery  
  71  6:22  Zerg Melee Weapons Level 2, Centrifical Hooks  
  71  6:25  Hatchery, Drone  
  70  6:27  Drone  
  70  6:30  Extractor  
  70  6:32  Spore Crawler  
  70  6:34  Drone x3  
  70  6:35  Overlord x2, Drone x3  
  70  6:36  Overlord  
  75  6:47  Infestation Pit  
  75  6:49  Roach Warren  
  73  7:01  Zergling x24  
  85  7:10  Pneumatized Carapace  
  83  7:26  Baneling x5  
  83  7:33  Zergling x18  
  83  7:34  Zergling x2  
  80  8:02  Pathogen Glands  
  75  8:08  Evolution Chamber  
  74  8:12  Drone  
  74  8:14  Drone x11  
  85  8:21  Zergling x16  
  93  8:39  Zergling x20  
  93  8:40  Zergling x2  
  102  8:47  Hatchery  
  89  8:56  Baneling x12  
  73  9:17  Zergling x20  
  73  9:18  Zergling x10  
  81  9:32  Zergling x10  
  78  9:49  Queen x2  
  84  10:00  Spine Crawler  
  84  10:01  Zergling x14  
  84  10:02  Zergling x10  
  95  10:08  Queen  
  95  10:09  Hive  
  95  10:12  Zerg Missile Weapons Level 1  
  95  10:14  Zergling x2  
  95  10:15  Zergling x10  
  95  10:16  Baneling  
  95  10:17  Baneling x3  
  101  10:21  Infestor x4  
  101  10:25  Burrow  
  109  10:30  Queen  
  109  10:34  Baneling  
  109  10:35  Zergling x10  
  103  10:44  Zergling x14  
  103  10:45  Overlord  
  103  10:46  Overlord x2  
  100  11:10  Zergling x26  
  110  11:13  Glial Reconstitution  
  109  11:21  Drone  
  109  11:22  Infestor x4, Drone x9  
  119  11:35  Baneling x5  
  119  11:36  Queen  
  121  11:43  Queen  
  121  11:49  Zergling x2  
  121  11:50  Zergling x10  
  121  11:51  Overlord x2  
  117  12:04  Hatchery  
  100  12:22  Zergling x2  
  95  12:23  Zergling x20  
  103  12:30  Zergling x2  
Show
View Real Time Build Order
Export as new Build Order

RyuKey Terran - Winner!

Build Orders: 2 Factory, Reaper Expand 

Get SALT Encoding   

  12  0:00  SCV  
  13  0:12  SCV  
  14  0:17  Supply Depot  
  14  0:30  SCV  
  15  0:40  Barracks  
  15  0:42  SCV  
  16  0:45  Refinery  
  16  0:54  SCV  
  17  1:06  SCV  
  18  1:19  SCV  
  19  1:29  Reaper  
  19  1:31  Orbital Command  
  20  1:39  Command Center  
  20  1:48  Supply Depot  
  20  1:56  SCV  
  21  2:01  Marine  
  23  2:08  SCV  
  23  2:10  Factory  
  23  2:15  Refinery  
  23  2:20  SCV  
  24  2:30  Barracks Reactor  
  24  2:32  SCV  
  25  2:44  SCV  
  26  2:52  Orbital Command  
  26  2:54  Bunker  
  26  2:56  SCV  
  27  3:03  Factory Tech Lab  
  27  3:04  Ghost Academy  
  27  3:06  Factory  
  27  3:09  SCV  
  28  3:20  Barracks Tech Lab  
  28  3:21  SCV  
  28  3:22  SCV  
  28  3:25  Hellion x2  
  34  3:33  SCV  
  35  3:34  SCV  
  36  3:45  SCV  
  36  3:46  Hellion x2  
  36  3:47  SCV  
  42  3:57  SCV  
  42  4:02  SCV  
  43  4:05  Infernal Pre-Igniter, Supply Depot, Hellion  
  45  4:11  SCV  
  46  4:19  SCV, Hellion x2  
  46  4:23  SCV  
  52  4:27  Supply Depot, Hellion  
  52  4:28  Supply Depot  
  54  4:31  SCV  
  54  4:33  Refinery  
  54  4:34  Refinery  
  54  4:35  SCV  
  54  4:36  Supply Depot  
  56  4:40  Armory  
  56  4:41  Hellion x2  
  56  4:43  SCV  
  61  4:48  SCV  
  62  4:55  SCV  
  63  5:00  SCV  
  70  5:08  SCV  
  70  5:09  Supply Depot  
  70  5:11  Supply Depot  
  70  5:12  SCV  
  66  5:22  Hellion x5  
  66  5:25  Cyclone  
  63  5:40  Hellion x2  
  63  5:45  SCV  
  60  5:57  Hellion  
  60  5:58  SCV  
  60  6:01  Hellion  
  65  6:07  Command Center  
  65  6:10  Factory  
  65  6:12  Factory, Terran Vehicle Weapons Level 1  
  65  6:15  Factory, Armory, Command Center  
  65  6:16  SCV  
  65  6:17  SCV  
  67  6:22  Hellion  
  69  6:26  Cyclone, Hellion  
  69  6:28  SCV  
  69  6:29  SCV  
  76  6:36  Engineering Bay  
  76  6:41  SCV x2, Mag-Field Accelerator  
  77  6:50  Hellion x2  
  77  6:53  SCV x2  
  83  6:57  Factory Tech Lab x2  
  83  6:58  Cyclone  
  83  6:59  Factory Tech Lab  
  86  7:05  SCV x2  
  86  7:07  Refinery  
  88  7:10  Supply Depot  
  88  7:13  Refinery  
  88  7:16  Cyclone  
  88  7:17  SCV x2, Supply Depot, Hellion  
  95  7:27  Cyclone x2, Hellion  
  101  7:50  Cyclone x2  
  111  7:51  Hellion x2  
  108  7:59  Cyclone x2  
  112  8:12  SCV x2  
  114  8:13  Orbital Command  
  114  8:15  Orbital Command  
  114  8:19  Hellion x11  
  114  8:22  Cyclone  
  114  8:23  Cyclone, Hellion x2  
  114  8:24  SCV x2  
  126  8:31  Hellion  
  126  8:32  Smart Servos  
  128  8:36  SCV  
  129  8:43  Cyclone  
  129  8:44  Hellion x2  
  136  8:52  Cyclone  
  136  8:55  Hellion x2  
  115  9:27  Cyclone x4  
  115  9:28  Hellion x2  
  128  9:42  Terran Vehicle Weapons Level 2, Terran Vehicle And Ship Armor Level 1  
  118  9:47  SCV x2  
  118  9:49  Hellion x2  
  124  9:55  SCV x2  
  124  9:59  Refinery, Cyclone x3, Hellion  
  137  10:00  Refinery  
  137  10:04  SCV x2  
  137  10:05  Supply Depot x2  
  137  10:06  Supply Depot  
  139  10:10  Hellion  
  139  10:11  Command Center, Hellion  
  143  10:20  Cyclone  
  146  10:31  Widow Mine, Hellion  
  141  10:51  Cyclone, Hellion  
  141  10:52  Cyclone x2, Hellion  
  141  10:53  Hellion  
  148  11:13  Hellion x2  
  148  11:14  Hellion  
  154  11:22  SCV x2  
  154  11:23  SCV, Hellion  
  154  11:24  SCV  
  154  11:25  Hellion x2  
  164  11:34  SCV, Hellion x2  
  164  11:35  Supply Depot x2  
  164  11:36  Hellion  
  164  11:39  Planetary Fortress  
  171  11:42  Missile Turret  
  171  11:44  Hellion  
  171  11:46  Hellion x2  
  175  11:56  Hellion x2  
  175  11:57  Hellion  
  179  12:06  Hellion  
  179  12:21  Widow Mine  
Tags
 
Add a new tag
Caveats
  • Supply blocks, unpowered buildings, or Contaminate may cause inaccurate times.
  • Supply counts are checked every 10 seconds.